AoeStats
← Vollbusige

Arena

505699791Analyzed
2v2 RM · 22d ago on Sep 10, 2026· 28m 11s· 4 players
Game mode
Random Map
Map size
Medium (4 player)
Population
200
Speed
Normal
Resources
Standard
Victory
Conquest
Starting age
Dark Age
Ending age
Imperial Age
RankedLock teamsTeams togetherTeam positionsShared explorationLock speedFull tech treeHidden civsTurbo modeCheats
Victory
Defeat
🇩🇪 Celts · Germany
938
+13
🇩🇪 Bohemians · Germany
839
+17
🇪🇸 Hindustanis · Spain
929
-18
🇪🇸 Persians · Spain
793
-12
RAPAZ
0:28 Loom
11:23 Feudal Age
15:55 Castle Age
13:51 Double-Bit Axe
14:00 Horse Collar
15:26 Gold Mining
15:31 Fletching
15:42 Padded Archer Armor
20:23 Bodkin Arrow
20:41 Heavy Plow
21:55 Bloodlines
21:50 Man-at-Arms
25:56 Crossbowman
minichinlul
5:39 Loom
9:08 Feudal Age
10:34 Double-Bit Axe
14:07 Horse Collar
17:53 Castle Age
18:31 Bow Saw
Bongoboy
10:49 Feudal Age
11:45 Double-Bit Axe
15:56 Castle Age
14:12 Horse Collar
15:55 Scale Mail Armor
16:06 Forging
15:47 Man-at-Arms
17:26 Long Swordsman
19:25 Gambesons
21:40 Chain Mail Armor
23:12 Wheelbarrow
24:57 Hand Cart
24:29 Loom
27:45 Arson
Vollbusige
11:11 Feudal Age
11:41 Double-Bit Axe
12:05 Horse Collar
14:36 Wheelbarrow
19:20 Castle Age
21:21 Bow Saw
24:52 Forging
24:44 Scale Mail Armor
28:25 Chemistry
Connection lost

Rejoining the realm…

Still unreachable

The connection could not be restored.

Session expired

The server has moved on; the page needs a fresh start.